 Dungeon Crawl Stone Soup version 0.17-a0-1910-g4c791fa (webtiles) character file.

3427 Ordine the Basher (level 9, 0/70 HPs)
             Began as a Minotaur Berserker on Sept 26, 2015.
             Was a High Priest of Trog.
             Shot with a bolt by an orc (10 damage)
             ... in a bailey.
             The game lasted 00:33:32 (6707 turns).

Ordine the Basher (Minotaur Berserker)              Turns: 6707, Time: 00:33:32

Health: 0/70       AC: 20    Str: 21    XL:     9   Next: 76%
Magic:  8/8        EV:  9    Int:  4    God:    Trog [*****.]
Gold:   412        SH:  0    Dex: 14    Spells: 0 memorised, 8 levels left

rFire  . . .     SeeInvis .     a - +1 mace
rCold  . . .     Clarity  .     f - +0 plate armour
rNeg   . . .     SustAt   .     (no shield)
rPois  .         Gourm    .     s - +2 hat
rElec  .         Spirit   .     (no cloak)
rCorr  .         Warding  .     j - +2 pair of gloves
rMut   .         Stasis   .     (no boots)
MR     .....                    (no amulet)
Stlth  ..........               (no ring)
                                x - +1 ring of evasion

@: not resistant to hostile enchantments, extremely unstealthy
A: retaliatory headbutt, horns 2
a: Burn Spellbooks, Berserk, Trog's Hand, Brothers in Arms, Renounce Religion


You were in a bailey.
You worshipped Trog.
Trog was extremely pleased with you.
You were not hungry.

You visited 1 branch of the dungeon, and saw 8 of its levels.
You also visited: Bailey.

You collected 412 gold pieces.

Inventory:

Hand weapons
 a - a +1 mace (weapon)
 e - a +0 whip
Armour
 f - a +0 plate armour (worn)
 j - a +2 pair of gloves (worn)
 s - a +2 hat (worn)
Jewellery
 x - a +1 ring of evasion (left hand)
Magical devices
 o - a wand of digging (10)
Scrolls
 l - 5 scrolls of identify
 m - a scroll of remove curse
 n - 3 scrolls of blinking
 w - a scroll of enchant armour
Potions
 b - a potion of cancellation
 h - a potion of cure mutation
 i - 3 potions of agility
 r - a potion of resistance
 t - a potion of flight
Comestibles
 c - 4 bread rations
 d - 3 beef jerkies
 p - a fruit
 u - 2 meat rations


   Skills:
 - Level 3.6 Fighting
 - Level 13.0 Maces & Flails
 * Level 10.5 Armour
 - Level 2.1 Dodging


You had 8 spell levels left.
You didn't know any spells.

Dungeon Overview and Level Annotations

Branches:
Dungeon (8/15)             Temple (0/1) D:7
   Lair: D:8-11

Altars:
Cheibriados
Dithmenos
Elyvilon
Fedhas
Nemelex Xobeh
Okawaru
Qazlal
Ru
Sif Muna
Trog
Vehumet
Yredelemnul
The Shining One

Shops:
D:5 }


Innate Abilities, Weirdness & Mutations

You reflexively headbutt those who attack you in melee.
You have a pair of horns on your head.


Message History

You hit the orc warrior but do no damage.
The orc warrior is almost dead.
The orc warrior hits you.
An orc comes into view. It is wielding an arbalest.
The orc shouts!
You hit the orc warrior but do no damage.
You headbutt the orc warrior.
You kill the orc warrior!
Trog accepts your kill.
The orc shoots a bolt.
The bolt hits you.
The orc warrior shoots a bolt.
The bolt hits you!
* * * LOW HITPOINT WARNING * * *
The orc shoots a bolt.
The bolt hits you but does no damage.
The orc shoots a bolt.
The bolt hits you but does no damage.
The orc shoots a bolt.
The bolt hits you.
* * * LOW HITPOINT WARNING * * *
You see here a bolt.
The orc shoots a bolt.
The bolt barely misses you.
The orc shoots a bolt.
The bolt hits you!
You die...

...........#
...o.......#
..........(#
.........o.#
..........(#
...........#
........(.(#
.......((..#
......)..@.#
...........#
≈≈≈≈.......#
#o#≈≈......#
# ##≈......#
.o≈......#
##≈......#
≈≈......#


You could see 3 orcs.

Vanquished Creatures
  Psyche (D:8)
  A hungry ghost (D:7)
  5 ogres
  An orc warrior (Bailey)
  4 ice beasts
  2 sky beasts
  A black bear (D:8)
  A centaur (D:6)
  A phantom (D:6)
  Blork the orc (D:5)
  2 giant frogs
  4 scorpions
  5 jellies (D:6)
  A giant frog zombie (D:5)
  4 crimson imps
  A hound (D:4)
  7 orc wizards
  4 orc priests
  A centaur skeleton (D:4)
  2 iguanas
  8 worker ants
  2 killer bee zombies
  A hound zombie (D:6)
  2 hound skeletons
  12 adders
  A gnoll (D:1)
  2 oozes
  An adder skeleton (D:8)
  2 worms
  7 giant geckos
  18 orcs
  8 bats
  5 giant cockroaches
  5 hobgoblins
  11 jackals
  8 kobolds
  A ball python (D:1)
  A giant gecko skeleton (D:5)
  5 giant newts
  11 goblins
  5 quokkas
  2 quokka zombies
  9 rats
176 creatures vanquished.

Vanquished Creatures (others)
  An orc wizard (D:7)
  An adder (D:2)
  A worm (D:2)
3 creatures vanquished.

Grand Total: 179 creatures vanquished

Notes
Turn   | Place    | Note
--------------------------------------------------------------
     0 | D:1      | Ordine the Minotaur Berserker began the quest for the Orb.
     0 | D:1      | Reached XP level 1. HP: 19/19 MP: 0/0
    79 | D:1      | Reached skill level 4 in Maces & Flails
   130 | D:1      | Reached XP level 2. HP: 26/26 MP: 1/1
   281 | D:1      | Reached skill level 5 in Maces & Flails
   288 | D:1      | Reached XP level 3. HP: 9/31 MP: 2/2
   718 | D:1      | Acquired Trog's second power
   920 | D:2      | Found a radiant altar of Vehumet.
  1022 | D:2      | Found a white marble altar of Elyvilon.
  1174 | D:2      | Reached skill level 6 in Maces & Flails
  1174 | D:2      | Reached XP level 4. HP: 35/39 MP: 3/3
  1532 | D:2      | Found a deep blue altar of Sif Muna.
  2443 | D:3      | Found a bloodstained altar of Trog.
  2508 | D:3      | Reached skill level 7 in Maces & Flails
  2508 | D:3      | Reached XP level 5. HP: 21/45 MP: 4/4
  2901 | D:4      | Found a glowing golden altar of the Shining One.
  2954 | D:4      | You fall through a shaft!
  2954 | D:5      | Entered Level 5 of the Dungeon
  2959 | D:5      | Noticed an ogre
  2966 | D:5      | Killed an ogre
  2966 | D:5      | Reached skill level 8 in Maces & Flails
  2966 | D:5      | Reached XP level 6. HP: 48/51 MP: 5/5
  3385 | D:4      | Reached skill level 9 in Maces & Flails
  3452 | D:4      | Found a shadowy altar of Dithmenos.
  3453 | D:4      | Found a sacrificial altar of Ru.
  3576 | D:5      | Found Ketol's Gadget Emporium.
  3687 | D:5      | Noticed an ice beast
  3695 | D:5      | Killed an ice beast
  3695 | D:5      | Reached XP level 7. HP: 57/57 MP: 6/6
  3705 | D:5      | Reached skill level 10 in Maces & Flails
  3767 | D:5      | Found a basalt altar of Yredelemnul.
  3776 | D:5      | Noticed an ice beast
  3793 | D:5      | Killed an ice beast
  3827 | D:5      | Acquired Trog's third power
  3852 | D:5      | Noticed Blork the orc
  3866 | D:5      | Killed Blork the orc
  3866 | D:5      | Reached skill level 11 in Maces & Flails
  4069 | D:5      | Noticed a sky beast
  4074 | D:5      | Killed a sky beast
  4074 | D:5      | Reached XP level 8. HP: 64/64 MP: 7/7
  4279 | D:6      | Found a snail-covered altar of Cheibriados.
  4344 | D:6      | Got a translucent dagger
  4345 | D:6      | Identified the cursed +0 dagger "Huilusk" {pain, rF+ MR+} (You found it on level 6 of the Dungeon)
  4382 | D:6      | Reached skill level 12 in Maces & Flails
  4402 | D:6      | Found a blossoming altar of Fedhas.
  4579 | D:6      | Found a sparkling altar of Nemelex Xobeh.
  4667 | D:6      | Reached skill level 13 in Maces & Flails
  5229 | D:6      | Reached skill level 5 in Armour
  5442 | D:7      | Reached XP level 9. HP: 63/70 MP: 8/8
  5453 | D:7      | Found a staircase to the Ecumenical Temple.
  5979 | D:8      | Noticed Psyche
  5985 | D:8      | Killed Psyche
  6287 | D:8      | Found a flagged portal.
  6317 | D:8      | Reached skill level 10 in Armour
  6421 | D:8      | Found an iron altar of Okawaru.
  6493 | D:8      | Found a stormy altar of Qazlal.
  6659 | Bailey   | Entered a bailey
  6707 | Bailey   | Shot with a bolt by an orc

Vault maps used:
D:1:      minmay_arrival_nine_rooms
D:2:      lemuel_blue_sif_altar, fiery_altar_vehumet, lemuel_doored_altar,
          nicolae_overflow_hidden_temple
D:3:      lemuel_round_altar, first_bread
D:4:      kennysheep_mini_moat, gammafunk_temple_overflow_statue
D:5:      lemuel_round_altar, serial_shops, shop, hex_large, st_stairs_6,
          minmay_misc_feat_enclosed, uniq_blork_the_orc
D:6:      lemuel_crystal_altar, overflow_temple_1_default, basic_altar
D:7:      minmay_temple_entry_junction
D:8:      overflow_temple_1_default, basic_altar, enter_bailey_3, uniq_psyche
Bailey:   bailey_polearm_2, bailey

Action                   |  1- 3 |  4- 6 |  7- 9 || total
-------------------------+-------+-------+-------++-------
Melee: Mace              |    45 |   129 |   328 ||   502
Invok: Berserk           |       |       |     1 ||     1
Evoke: Wand              |       |       |     1 ||     1
  Use: Scroll            |     4 |     8 |     8 ||    20
       Potion            |       |     2 |     2 ||     4
 Stab: Sleeping          |     1 |       |       ||     1
  Eat: Chunk             |     1 |     2 |     7 ||    10
       Meat ration       |       |     1 |     1 ||     2
       Beef jerky        |       |     1 |       ||     1
       Pizza             |       |       |     1 ||     1
